| TOP OF THE 1ST |
|
New Orleans Zephyrs batting - Pitching for Oklahoma City Dodgers : RHP Alex Aguilar
|
|
Pitching: RHP Alex Aguilar
|
|
|
Pinch Hitting: RHB Kyle Ashton
|
0-0: Fly out, F8 (Line Drive, 8LD, EV 101.3 MPH)
|
|
Batting: SHB Ramon Martinez
|
0-0: Ball 1-0: Foul Ball, location: 2F 1-1: Ball 2-1: Ball 3-1: Swinging Strike 3-2: Base on Balls
|
|
Batting: RHB Omar Contreras
|
0-0: Ball Ramon Martinez steals 2nd base 1-0: Ball 2-0: Foul Ball, location: 2F 2-1: Ball 3-1: Fly out, F8 (Flyball, 8LM, EV 91.9 MPH)
|
|
Batting: RHB Alex Gomez
|
0-0: Ball 1-0: Ball 2-0: Called Strike 2-1: Swinging Strike 2-2: Ground out 6-3 (Groundball, 6, EV 103.1 MPH)
|
| Top of the 1st over - 0 runs, 0 hits, 0 errors, 1 left on base; New Orleans 0 - Oklahoma City 0 |
| BOTTOM OF THE 1ST |
|
Oklahoma City Dodgers batting - Pitching for New Orleans Zephyrs : RHP Jose Velez
|
|
Pitching: RHP Jose Velez
|
|
|
Now at 2B: Kyle Ashton
|
|
|
Now at 3B: Ramon Martinez
|
|
|
Batting: LHB Alex Ramos
|
0-0: SINGLE (Groundball, 3S, EV 71.3 MPH) (infield hit)
|
|
Batting: RHB Justin Anastasio
|
0-0: DOUBLE (Flyball, 89D, EV 103.1 MPH) Alex Ramos to third
|
|
Batting: LHB James Betron
|
0-0: SINGLE (Line Drive, 78M, EV 104.4 MPH) Alex Ramos scores Justin Anastasio to third Runner from 3rd tries for Home, SAFE, throw by LF to home
|
|
Batting: RHB John Manocchio
|
0-0: Ball 1-0: Ball 2-0: Ball 3-0: Base on Balls James Betron to second
|
|
Batting: RHB Armando Galindo
|
0-0: Called Strike 0-1: Foul Ball, location: 2F 0-2: Ball 1-2: Fly out, F6 (Line Drive, 6, EV 67.5 MPH)
|
|
Batting: RHB Steve Perez
|
0-0: Called Strike 0-1: Grounds into double play, 6-4-3 (Groundball, 6, EV 101.9 MPH)
|
| Bottom of the 1st over - 2 runs, 3 hits, 0 errors, 1 left on base; New Orleans 0 - Oklahoma City 2 |
| TOP OF THE 2ND |
|
New Orleans Zephyrs batting - Pitching for Oklahoma City Dodgers : RHP Alex Aguilar
|
|
Batting: RHB Chris Lee
|
0-0: Called Strike 0-1: Fly out, F6 (Popup, 6, EV 74.4 MPH)
|
|
Batting: RHB Jesus Castillo
|
0-0: SINGLE (Groundball, 25, EV 70.6 MPH) (infield hit)
|
|
Batting: RHB Gebre-Giorgios Tikolo
|
0-0: Ball 1-0: Ball 2-0: Ball 3-0: Called Strike 3-1: Foul Ball, location: 2F 3-2: Strikes out swinging
|
|
Batting: RHB John Jackson
|
0-0: Called Strike 0-1: Ball 1-1: Ground out 4-3 (Groundball, 4, EV 89.4 MPH)
|
| Top of the 2nd over - 0 runs, 1 hit, 0 errors, 1 left on base; New Orleans 0 - Oklahoma City 2 |
| BOTTOM OF THE 2ND |
|
Oklahoma City Dodgers batting - Pitching for New Orleans Zephyrs : RHP Jose Velez
|
|
Batting: RHB Terry Jarrells
|
0-0: Ball 1-0: SINGLE (Groundball, 6MD, EV 94.4 MPH)
|
|
Batting: RHB Matt Robert
|
0-0: Ball 1-0: Ball 2-0: Ball 3-0: Base on Balls Terry Jarrells to second
|
|
Batting: RHB Mike Moore
|
0-0: Called Strike 0-1: Foul Ball, location: 2F 0-2: Ball 1-2: Ball 2-2: Ball 3-2: Foul Ball, location: 2F 3-2: Strikes out swinging
|
|
Batting: LHB Alex Ramos
|
0-0: Ball 1-0: Ground out 4-3 (Groundball, 34D, EV 103.1 MPH) Terry Jarrells to third Matt Robert to second
|
|
Batting: RHB Justin Anastasio
|
0-0: Ball 1-0: Called Strike 1-1: Fly out, F7 (Flyball, 7, EV 85.6 MPH)
|
| Bottom of the 2nd over - 0 runs, 1 hit, 0 errors, 2 left on base; New Orleans 0 - Oklahoma City 2 |
| TOP OF THE 3RD |
|
New Orleans Zephyrs batting - Pitching for Oklahoma City Dodgers : RHP Alex Aguilar
|
|
Batting: RHB Humberto Oros
|
0-0: Fly out, F7 (Flyball, 78D, EV 95.6 MPH)
|
|
Batting: RHB Kyle Ashton
|
0-0: Ball 1-0: Swinging Strike 1-1: Ball 2-1: Ball 3-1: Ground out 4-3 (Groundball, 4, EV 100.0 MPH)
|
|
Pitching: LHP Billy Nash
|
|
|
Batting: SHB Ramon Martinez
|
0-0: Ball 1-0: Ball 2-0: Foul Ball, location: 2F 2-1: Ball 3-1: Base on Balls
|
|
Batting: RHB Omar Contreras
|
0-0: Called Strike 0-1: Ball 1-1: Ball 2-1: Foul Ball, location: 2F 2-2: Ball 3-2: Strikes out swinging
|
| Top of the 3rd over - 0 runs, 0 hits, 0 errors, 1 left on base; New Orleans 0 - Oklahoma City 2 |
| BOTTOM OF THE 3RD |
|
Oklahoma City Dodgers batting - Pitching for New Orleans Zephyrs : RHP Jose Velez
|
|
Batting: LHB James Betron
|
0-0: Called Strike 0-1: Fly out, F7 (Flyball, 7, EV 81.3 MPH)
|
|
Batting: RHB John Manocchio
|
0-0: Ground out 6-3 (Groundball, 6, EV 99.4 MPH)
|
|
Batting: RHB Armando Galindo
|
0-0: Fly out, F7 (Flyball, 7, EV 90.6 MPH)
|
| Bottom of the 3rd over - 0 runs, 0 hits, 0 errors, 0 left on base; New Orleans 0 - Oklahoma City 2 |
| TOP OF THE 4TH |
|
New Orleans Zephyrs batting - Pitching for Oklahoma City Dodgers : LHP Billy Nash
|
|
Batting: RHB Alex Gomez
|
0-0: Ball 1-0: Called Strike 1-1: Ball 2-1: Ball 3-1: Called Strike 3-2: Foul Ball, location: 2F 3-2: Strikes out swinging, 2-3 out at first.
|
|
Pitching: RHP Jim Ruleman
|
|
|
Batting: RHB Chris Lee
|
0-0: Ground out 5-3 (Groundball, 56, EV 85.6 MPH)
|
|
Batting: RHB Jesus Castillo
|
0-0: Called Strike 0-1: Ground out 6-3 (Groundball, 6, EV 91.3 MPH)
|
| Top of the 4th over - 0 runs, 0 hits, 0 errors, 0 left on base; New Orleans 0 - Oklahoma City 2 |
| BOTTOM OF THE 4TH |
|
Oklahoma City Dodgers batting - Pitching for New Orleans Zephyrs : RHP Jose Velez
|
|
Batting: RHB Steve Perez
|
0-0: Ball 1-0: SINGLE (Line Drive, 9S, EV 86.3 MPH)
|
|
Batting: RHB Terry Jarrells
|
0-0: Ball 1-0: Foul Ball, location: 2F 1-1: Ball 2-1: Foul Ball, location: 2F 2-2: Strikes out swinging
|
|
Batting: RHB Matt Robert
|
0-0: Called Strike 0-1: Ball 1-1: Called Strike 1-2: Ball 2-2: Ball 3-2: SINGLE (Groundball, 5D, EV 102.5 MPH) Steve Perez to second
|
|
Batting: RHB Mike Moore
|
0-0: Called Strike 0-1: Called Strike 0-2: Foul Ball, location: 2F 0-2: Foul Ball, location: 2F 0-2: Fly out, F8 (Flyball, 8RM, EV 85.0 MPH)
|
|
Batting: LHB Alex Ramos
|
0-0: Ball 1-0: SINGLE (Groundball, 34D, EV 104.4 MPH) Steve Perez to third Matt Robert to second Runner from 3rd tries for Home, SAFE, throw by RF to home
|
|
Batting: RHB Justin Anastasio
|
0-0: Foul Ball, location: 2F 0-1: Called Strike 0-2: Ball 1-2: Fielders Choice at 2nd, 6-4 (Groundball, 6, EV 81.9 MPH)
|
| Bottom of the 4th over - 1 run, 3 hits, 0 errors, 2 left on base; New Orleans 0 - Oklahoma City 3 |
| TOP OF THE 5TH |
|
New Orleans Zephyrs batting - Pitching for Oklahoma City Dodgers : RHP Jim Ruleman
|
|
Batting: RHB Gebre-Giorgios Tikolo
|
0-0: Called Strike 0-1: Ball 1-1: Ball 2-1: Swinging Strike 2-2: Foul Ball, location: 2F 2-2: Foul Ball, location: 2F 2-2: Foul Ball, location: 2F 2-2: Ball 3-2: Base on Balls
|
|
Batting: RHB John Jackson
|
0-0: Foul Ball, location: 2F 0-1: Ball 1-1: Ball 2-1: Swinging Strike 2-2: Grounds into double play, 6-4-3 (Groundball, 6, EV 82.5 MPH)
|
|
Pinch Hitting: LHB Gustavo Patella
|
0-0: Foul Ball, location: 2F 0-1: Swinging Strike 0-2: SINGLE (Flyball, 3D, EV 86.9 MPH)
|
|
Pitching: RHP Ludo Argo
|
|
|
Batting: RHB Kyle Ashton
|
0-0: Ball 1-0: Called Strike 1-1: Ball 2-1: Ball 3-1: Fielders Choice at 2nd, U4 (Groundball, 4M, EV 80.6 MPH)
|
| Top of the 5th over - 0 runs, 1 hit, 0 errors, 1 left on base; New Orleans 0 - Oklahoma City 3 |
| BOTTOM OF THE 5TH |
|
Oklahoma City Dodgers batting - Pitching for New Orleans Zephyrs : RHP Jose Velez
|
|
Now at SS: Bill de Jesus
|
|
|
Batting: LHB James Betron
|
0-0: Ball 1-0: Fly out, F7 (Flyball, 78XD, EV 96.9 MPH)
|
|
Batting: RHB John Manocchio
|
0-0: Ball 1-0: Ball 2-0: Called Strike 2-1: Called Strike 2-2: Foul Ball, location: 2F 2-2: Ball 3-2: Base on Balls
|
|
Batting: RHB Armando Galindo
|
0-0: Foul Ball, location: 2F 0-1: Swinging Strike 0-2: Fly out, F9 (Flyball, 89XD, EV 92.5 MPH)
|
|
Batting: RHB Steve Perez
|
0-0: Fielders Choice at 2nd, 6-4 (Groundball, 56, EV 108.1 MPH)
|
| Bottom of the 5th over - 0 runs, 0 hits, 0 errors, 1 left on base; New Orleans 0 - Oklahoma City 3 |
| TOP OF THE 6TH |
|
New Orleans Zephyrs batting - Pitching for Oklahoma City Dodgers : RHP Ludo Argo
|
|
Batting: SHB Ramon Martinez
|
0-0: Ball 1-0: Called Strike 1-1: Fly out, F8 (Flyball, 89D, EV 90.0 MPH)
|
|
Batting: RHB Omar Contreras
|
0-0: Ball 1-0: Ground out U3 (Groundball, 3S, EV 85.6 MPH)
|
|
Batting: RHB Alex Gomez
|
0-0: Called Strike 0-1: Ball 1-1: Ball 2-1: Foul Ball, location: 2F 2-2: Ball 3-2: Base on Balls
|
|
Batting: RHB Chris Lee
|
0-0: Ball 1-0: Ball 2-0: Ball 3-0: Base on Balls Alex Gomez to second
|
|
Pitching: LHP Chris Bonfanti
|
|
|
Batting: RHB Jesus Castillo
|
0-0: Ball 1-0: Fielders Choice at 2nd, 5-4 (Groundball, 56, EV 99.4 MPH)
|
| Top of the 6th over - 0 runs, 0 hits, 0 errors, 2 left on base; New Orleans 0 - Oklahoma City 3 |
| BOTTOM OF THE 6TH |
|
Oklahoma City Dodgers batting - Pitching for New Orleans Zephyrs : RHP Jose Velez
|
|
Batting: RHB Terry Jarrells
|
0-0: Ball 1-0: Swinging Strike 1-1: Called Strike 1-2: Strikes out swinging
|
|
Batting: RHB Matt Robert
|
0-0: Ball 1-0: Ball 2-0: Called Strike 2-1: Swinging Strike 2-2: Ball 3-2: TRIPLE (Flyball, 9LD, EV 108.1 MPH)
|
|
Batting: RHB Mike Moore
|
0-0: Swinging Strike 0-1: Ball 1-1: Ball 2-1: Swinging Strike 2-2: Strikes out swinging
|
|
Batting: LHB Alex Ramos
|
0-0: Called Strike 0-1: Ball 1-1: Foul Ball, location: 2F 1-2: Strikes out swinging
|
| Bottom of the 6th over - 0 runs, 1 hit, 0 errors, 1 left on base; New Orleans 0 - Oklahoma City 3 |
| TOP OF THE 7TH |
|
New Orleans Zephyrs batting - Pitching for Oklahoma City Dodgers : LHP Chris Bonfanti
|
|
Batting: RHB Gebre-Giorgios Tikolo
|
0-0: Ball 1-0: Foul Ball, location: 2F 1-1: Called Strike 1-2: Ball 2-2: Strikes out swinging
|
|
Batting: RHB John Jackson
|
0-0: Foul Ball, location: 2F 0-1: Foul Ball, location: 2F 0-2: Ball 1-2: Ball 2-2: Foul Ball, location: 2F 2-2: SINGLE (Line Drive, 7S, EV 96.3 MPH)
|
|
Batting: RHB Bill de Jesus
|
0-0: Ball 1-0: Ball 2-0: Fielders Choice at 2nd, 4-6 (Groundball, 4, EV 108.8 MPH)
|
|
Batting: RHB Kyle Ashton
|
0-0: Called Strike 0-1: Ball 1-1: Ball 2-1: Ball 3-1: Foul Ball, location: 2F 3-2: Fly out, F7 (Flyball, 7LM, EV 89.4 MPH)
|
| Top of the 7th over - 0 runs, 1 hit, 0 errors, 1 left on base; New Orleans 0 - Oklahoma City 3 |
| BOTTOM OF THE 7TH |
|
Oklahoma City Dodgers batting - Pitching for New Orleans Zephyrs : RHP Jose Velez
|
|
Batting: RHB Justin Anastasio
|
0-0: Called Strike 0-1: Ball 1-1: Called Strike 1-2: Ball 2-2: Strikes out swinging
|
|
Batting: LHB James Betron
|
0-0: Ball 1-0: Ground out 4-3 (Groundball, 34, EV 105.0 MPH)
|
|
Batting: RHB John Manocchio
|
0-0: Foul Ball, location: 2F 0-1: Ball 1-1: Fly out, F4 (Popup, 4, EV 70.6 MPH)
|
| Bottom of the 7th over - 0 runs, 0 hits, 0 errors, 0 left on base; New Orleans 0 - Oklahoma City 3 |
| TOP OF THE 8TH |
|
New Orleans Zephyrs batting - Pitching for Oklahoma City Dodgers : LHP Chris Bonfanti
|
|
Pitching: RHP Josh Thorne
|
|
|
Batting: SHB Ramon Martinez
|
0-0: Ball 1-0: Ball 2-0: Ball 3-0: Base on Balls
|
|
Batting: RHB Omar Contreras
|
0-0: Ball 1-0: Foul Ball, location: 2F 1-1: Swinging Strike 1-2: Strikes out swinging
|
|
Batting: RHB Alex Gomez
|
0-0: Hit by Pitch Ramon Martinez to second
|
|
Batting: RHB Chris Lee
|
0-0: Foul Ball, location: 2F 0-1: Ball 1-1: SINGLE (Groundball, 6MD, EV 101.9 MPH) Ramon Martinez to third Alex Gomez to second Runner from 3rd tries for Home, SAFE, throw by CF to home
|
|
Batting: RHB Jesus Castillo
|
0-0: Ball 1-0: Fly out, F8 (Flyball, 8LS, EV 83.1 MPH)
|
|
Batting: RHB Gebre-Giorgios Tikolo
|
0-0: Ball 1-0: Fly out, F8 (Flyball, 8RM, EV 90.0 MPH)
|
| Top of the 8th over - 1 run, 1 hit, 0 errors, 2 left on base; New Orleans 1 - Oklahoma City 3 |
| BOTTOM OF THE 8TH |
|
Oklahoma City Dodgers batting - Pitching for New Orleans Zephyrs : RHP Jose Velez
|
|
Pitching: RHP Al Mendoza
|
|
|
Batting: RHB Armando Galindo
|
0-0: Ball 1-0: Called Strike 1-1: Foul Ball, location: 2F 1-2: Strikes out swinging
|
|
Batting: RHB Steve Perez
|
0-0: Ball 1-0: Called Strike 1-1: Called Strike 1-2: Strikes out looking
|
|
Batting: RHB Terry Jarrells
|
0-0: Ball 1-0: Foul Ball, location: 2F 1-1: Foul Ball, location: 2F 1-2: Foul Ball, location: 2F 1-2: Strikes out looking
|
| Bottom of the 8th over - 0 runs, 0 hits, 0 errors, 0 left on base; New Orleans 1 - Oklahoma City 3 |
| TOP OF THE 9TH |
|
New Orleans Zephyrs batting - Pitching for Oklahoma City Dodgers : RHP Josh Thorne
|
|
Pitching: RHP Jake Milligan
|
|
|
Batting: RHB John Jackson
|
0-0: Ball 1-0: Ball 2-0: Foul Ball, location: 2F 2-1: Called Strike 2-2: Ground out 5-3 (Groundball, 56, EV 101.9 MPH)
|
|
Pinch Hitting: LHB Adrian Young
|
0-0: Called Strike 0-1: Swinging Strike 0-2: Ball 1-2: Foul Ball, location: 2F 1-2: Strikes out looking
|
|
Batting: RHB Kyle Ashton
|
0-0: SINGLE (Line Drive, 7S, EV 98.8 MPH)
|
|
Batting: SHB Ramon Martinez
|
0-0: Ball 1-0: Ball 2-0: Ball 3-0: Base on Balls Kyle Ashton to second
|
|
Batting: RHB Omar Contreras
|
0-0: SINGLE (Line Drive, 7S, EV 105.6 MPH) Kyle Ashton to third Ramon Martinez to second
|
|
Batting: RHB Alex Gomez
|
0-0: Ball 1-0: Foul Ball, location: 2F 1-1: Ball 2-1: Ball 3-1: Foul Ball, location: 2F 3-2: SINGLE (Groundball, 56S, EV 67.5 MPH) (infield hit) Kyle Ashton scores Ramon Martinez to third Omar Contreras to second
|
|
Pitching: LHP Joel Beery
|
|
|
Batting: RHB Chris Lee
|
0-0: Ground out 6-3 (Groundball, 6S, EV 72.5 MPH)
|
| Top of the 9th over - 1 run, 3 hits, 0 errors, 3 left on base; New Orleans 2 - Oklahoma City 3 |
|